Map: [ESL] Oceanborn

Players

LiquidElazer (Elazer) - Winner!

  • Race: Zerg Zerg
  • Spawn Location: 5:00

gumiho

  • Race: Terran Terran
  • Spawn Location: 11:00

Event: HomeStory Cup XXV

VOD

Have the link to the VOD?

Description

Time

  • Played on: June 23, 2024, 8:37 a.m.
  • Length: 15:12

All games in this series

Show
View Real Time Build Order
Export as new Build Order

LiquidElazer Zerg - Winner!

Build Orders: Hatch First 

Get SALT Encoding   

  12  0:00  Drone  
  13  0:08  Drone  
  13  0:14  Extractor  
  13  0:15  Drone  
  15  0:36  Hatchery  
  15  0:41  Extractor  
  15  0:42  Drone  
  15  0:48  Overlord  
  15  1:03  Spawning Pool  
  14  1:06  Drone  
  14  1:09  Drone  
  16  1:13  Drone  
  17  1:21  Drone  
  18  1:28  Drone  
  19  1:34  Extractor  
  19  1:38  Drone  
  19  1:49  Queen x2  
  19  1:50  Zergling x2  
  19  1:52  Drone  
  25  1:59  Drone  
  25  2:00  Overlord  
  26  2:11  Drone x2  
  28  2:20  Drone  
  28  2:21  Drone  
  30  2:29  Queen x2  
  34  2:34  Overlord  
  34  2:36  Drone  
  35  2:46  Drone  
  36  2:53  Drone x2  
  36  2:57  Overlord  
  37  3:03  Drone x6  
  43  3:09  Lair  
  43  3:13  Drone  
  44  3:20  Roach Warren  
  44  3:22  Drone x3  
  44  3:26  Pneumatized Carapace  
  46  3:28  Drone  
  46  3:30  Drone  
  48  3:39  Extractor  
  48  3:40  Extractor  
  46  3:41  Hatchery  
  46  3:42  Drone  
  46  3:44  Drone  
  46  3:45  Drone  
  46  3:47  Drone  
  49  3:49  Drone  
  49  3:50  Drone  
  49  3:53  Overlord  
  49  3:55  Drone  
  52  3:59  Extractor  
  52  4:00  Drone  
  52  4:09  Overlord  
  52  4:18  Roach x2  
  52  4:19  Roach x2  
  60  4:26  Overlord x4  
  60  4:36  Roach x2  
  60  4:37  Overlord  
  64  4:40  Ravager x3  
  64  4:44  Overlord  
  67  4:46  Overseer  
  67  4:49  Roach  
  69  4:53  Roach x2  
  69  4:57  Ravager  
  74  5:02  Roach x2  
  74  5:04  Overlord  
  75  5:11  Roach x3  
  81  5:16  Drone x4  
  81  5:19  Overlord  
  85  5:24  Drone x3  
  85  5:25  Ravager  
  85  5:26  Drone x2  
  85  5:27  Drone  
  92  5:35  Ravager x2  
  94  5:37  Drone x5  
  94  5:40  Ravager  
  94  5:41  Drone  
  94  5:42  Queen  
  103  5:43  Queen  
  103  5:45  Overlord  
  103  5:46  Drone  
  103  5:48  Drone  
  103  5:49  Drone x2  
  109  5:57  Ravager  
  109  5:59  Ravager  
  111  6:10  Ravager x2  
  111  6:11  Overlord  
  110  6:12  Drone x9  
  119  6:23  Overlord x2  
  119  6:26  Extractor x2  
  119  6:29  Infestation Pit  
  111  6:34  Hatchery  
  111  6:36  Drone x8, Ravager  
  119  6:47  Evolution Chamber x2  
  119  6:48  Metabolic Boost  
  119  6:49  Zergling x6  
  114  7:05  Zergling x2  
  100  7:11  Roach x10  
  100  7:15  Hatchery, Hive  
  110  7:16  Zerg Melee Weapons Level 1, Zerg Missile Weapons Level 1  
  110  7:18  Overlord  
  110  7:30  Overlord  
  110  7:31  Ravager  
  110  7:32  Zergling x10, Ravager x2  
  118  7:40  Ravager x2  
  118  7:41  Zergling x10  
  125  7:58  Overlord  
  123  8:01  Zergling x18  
  123  8:05  Ravager x4  
  133  8:06  Overlord  
  136  8:13  Burrow  
  136  8:15  Queen, Overlord  
  136  8:16  Overlord x2  
  136  8:17  Drone x6  
  144  8:23  Hatchery  
  144  8:24  Drone  
  144  8:25  Drone x2, Ravager  
  147  8:29  Overlord  
  147  8:31  Drone x3, Baneling Nest  
  149  8:34  Roach  
  149  8:35  Spine Crawler, Roach x3  
  149  8:36  Adrenal Glands  
  156  8:42  Zergling x18  
  156  8:44  Hatchery  
  164  8:51  Drone x6  
  164  8:54  Spine Crawler  
  168  9:00  Drone x2  
  170  9:10  Ravager x4  
  170  9:11  Overlord  
  170  9:12  Zerg Missile Weapons Level 2, Zerg Melee Weapons Level 2  
  170  9:13  Drone x3  
  170  9:14  Drone  
  170  9:15  Spine Crawler  
  177  9:17  Spine Crawler  
  177  9:18  Centrifugal Hooks  
  177  9:20  Zergling x2  
  177  9:21  Zergling x24  
  189  9:29  Zergling x8  
  189  9:39  Drone x3  
  189  9:40  Spine Crawler x2  
  189  9:42  Drone x3  
  189  9:44  Zergling x6  
  189  9:45  Spine Crawler  
  195  9:46  Spine Crawler  
  194  9:53  Hatchery  
  187  10:13  Zergling x42  
  173  10:16  Zergling x10  
  174  10:22  Zergling x8  
  174  10:26  Viper x2  
  184  10:31  Zergling x2  
  184  10:32  Zergling x6  
  188  10:37  Baneling x21  
  188  10:38  Baneling x18, Zergling x8  
  192  10:44  Zergling x8  
  192  10:48  Zergling x6  
  199  10:54  Zergling x2  
  164  11:20  Zergling x42  
  164  11:21  Zergling x6  
  176  11:28  Zergling x26  
  162  11:35  Zergling x8  
  162  11:38  Zerg Melee Weapons Level 3  
  152  11:40  Roach x4  
  152  11:45  Roach x4  
  168  11:51  Roach  
  168  11:52  Roach x11  
  168  11:54  Zergling x10  
  195  11:55  Baneling x15  
  187  12:01  Zergling x2  
  187  12:02  Hatchery, Zergling x2, Ravager  
  187  12:07  Zergling x10  
  175  12:19  Zergling x24  
  175  12:22  Zergling x20  
  177  12:26  Ravager x8  
  177  12:28  Zergling x2, Overlord  
  183  12:34  Zergling x12  
  189  12:38  Overlord  
  189  12:40  Overlord  
  189  12:41  Ravager x3  
  191  12:45  Hatchery  
  191  12:47  Evolution Chamber  
  177  13:01  Zergling x48  
  189  13:08  Zergling x12  
  189  13:12  Zergling x6  
  185  13:17  Zergling x12  
  185  13:19  Queen x2  
  174  13:26  Roach x13  
  175  13:31  Baneling x13  
  175  13:33  Extractor  
  174  13:34  Spore Crawler  
  174  13:36  Drone  
  174  13:38  Drone  
  174  13:39  Drone x2, Extractor  
  174  13:40  Baneling x9  
  177  13:41  Roach  
  177  13:42  Roach x3  
  185  13:52  Drone x17  
  185  13:53  Zergling x2  
  199  13:55  Drone  
  199  13:58  Overlord  
  192  14:13  Zergling x16  
  199  14:23  Zergling x2  
  193  14:34  Baneling x21  
  193  14:35  Zergling x12  
  194  14:49  Zergling x4  
  194  14:50  Zergling x18  
  192  14:55  Zergling x34  
Show
View Real Time Build Order
Export as new Build Order

gumiho Terran 

Build Orders: Reaper Expand, Mech 

Get SALT Encoding   

  12  0:00  SCV  
  13  0:12  SCV  
  14  0:16  Supply Depot  
  14  0:24  SCV  
  15  0:38  SCV  
  15  0:40  Barracks  
  15  0:42  Refinery  
  16  0:50  SCV  
  17  1:02  SCV  
  18  1:14  SCV  
  19  1:27  Orbital Command, Reaper  
  20  1:38  Command Center  
  20  1:45  Supply Depot  
  20  1:52  SCV  
  21  1:58  Marine  
  22  2:04  SCV  
  23  2:08  Factory  
  23  2:16  SCV  
  23  2:22  Barracks Reactor  
  24  2:29  SCV  
  25  2:38  Command Center  
  25  2:41  SCV  
  25  2:53  SCV  
  26  3:03  Orbital Command  
  26  3:05  SCV, Cyclone  
  29  3:08  Cyclone  
  31  3:13  Refinery  
  31  3:17  SCV  
  32  3:29  SCV x2  
  34  3:38  Cyclone  
  34  3:40  Cyclone  
  39  3:41  SCV x2  
  40  3:50  Orbital Command, Refinery  
  40  3:51  Refinery  
  40  3:53  SCV x2  
  40  3:55  Factory  
  42  4:05  SCV x2  
  42  4:07  Supply Depot  
  44  4:15  Cyclone  
  44  4:16  Cyclone  
  49  4:17  SCV x2  
  50  4:29  SCV x2  
  50  4:30  SCV  
  52  4:31  Factory  
  52  4:33  Bunker  
  52  4:39  Factory Tech Lab  
  52  4:40  Supply Depot  
  52  4:41  SCV x2  
  52  4:42  SCV  
  55  4:49  Cyclone  
  57  4:53  SCV x2  
  57  4:55  SCV  
  60  5:05  SCV x2  
  62  5:07  SCV, Siege Tank  
  62  5:08  Supply Depot, Hurricane Engines  
  62  5:11  Supply Depot  
  66  5:15  Factory Reactor  
  66  5:17  SCV  
  66  5:19  Orbital Command, Armory  
  67  5:22  Armory  
  67  5:23  SCV  
  68  5:29  SCV  
  68  5:32  Supply Depot  
  68  5:35  Supply Depot, SCV  
  70  5:38  Cyclone  
  70  5:39  Cyclone  
  70  5:42  SCV  
  75  5:45  Siege Tank  
  75  5:47  SCV x2  
  80  5:54  SCV  
  78  6:01  Cyclone x2  
  82  6:10  Cyclone  
  75  6:17  SCV x2  
  75  6:18  Orbital Command, Siege Tank  
  79  6:29  SCV x2  
  80  6:34  Terran Vehicle Weapons Level 1  
  80  6:35  Terran Vehicle And Ship Armor Level 1  
  83  6:40  Cyclone x3  
  83  6:46  SCV x3  
  88  6:50  Supply Depot  
  88  6:51  Supply Depot  
  88  6:52  Command Center  
  86  7:10  Cyclone  
  86  7:12  Cyclone  
  87  7:18  SCV  
  87  7:19  SCV x2  
  90  7:25  Factory x2  
  90  7:26  Cyclone x2  
  90  7:27  Refinery  
  94  7:30  Refinery  
  94  7:31  SCV x2, Siege Tank  
  94  7:32  Orbital Command  
  97  7:43  SCV x2, Cyclone  
  100  7:48  Engineering Bay  
  99  7:55  SCV x2  
  99  8:00  SCV  
  99  8:03  Siege Tank  
  99  8:04  Cyclone x3  
  109  8:07  Orbital Command, SCV x2  
  111  8:16  Factory Reactor  
  111  8:17  Factory Tech Lab  
  111  8:20  Supply Depot  
  111  8:21  Supply Depot  
  111  8:23  SCV x3  
  114  8:30  Terran Vehicle Weapons Level 2, Terran Vehicle And Ship Armor Level 2  
  114  8:37  Cyclone x3  
  114  8:38  Cyclone x2  
  124  8:44  Cyclone  
  124  8:46  Orbital Command  
  126  8:50  SCV x3  
  126  8:51  Factory  
  129  8:56  Factory  
  129  9:02  SCV x2  
  131  9:07  Cyclone  
  131  9:08  Cyclone  
  131  9:09  Cyclone, Missile Turret  
  137  9:11  Missile Turret  
  137  9:12  Cyclone x2, Refinery  
  137  9:13  Cyclone, Refinery  
  143  9:17  SCV x3  
  143  9:18  SCV  
  147  9:27  Supply Depot  
  147  9:28  Cyclone x2  
  151  9:39  Supply Depot, Cyclone, Command Center  
  151  9:40  Supply Depot  
  151  9:41  Supply Depot  
  151  9:42  Factory Reactor x2  
  151  9:45  Starport  
  153  9:47  SCV x3  
  156  9:55  Infernal Pre-Igniter, Barracks, Hellion x4  
  164  10:01  Hellion x2  
  164  10:04  Supply Depot  
  168  10:10  Cyclone  
  168  10:12  Cyclone  
  157  10:16  Cyclone x3  
  157  10:17  Cyclone  
  158  10:22  Cyclone x2  
  158  10:25  Cyclone x4  
  158  10:26  Starport Reactor  
  170  10:39  Supply Depot  
  170  10:42  Siege Tank  
  173  10:43  Supply Depot  
  173  10:44  Cyclone  
  173  10:48  Terran Vehicle Weapons Level 3, Cyclone x2  
  173  10:49  Cyclone  
  181  10:50  Orbital Command  
  181  10:53  Supply Depot  
  181  10:54  Siege Tank  
  181  10:56  Terran Vehicle And Ship Armor Level 3  
  184  11:06  Cyclone x2  
  188  11:14  Siege Tank  
  188  11:15  Cyclone  
  188  11:16  Cyclone x4  
  171  11:20  Cyclone  
  151  11:26  Cyclone  
  151  11:31  Cyclone x2  
  150  11:33  Medivac  
  152  11:42  Cyclone x2  
  152  11:44  SCV x2  
  158  11:53  Orbital Command  
  156  11:57  Hellion x2  
  156  12:06  Cyclone x2  
  168  12:08  Hellion x4  
  168  12:09  Medivac  
  162  12:20  Cyclone x2  
  126  12:22  Cyclone  
  126  12:23  Hellion  
  126  12:26  Cyclone  
  122  12:30  Cyclone  
  122  12:33  Cyclone  
  124  12:40  Cyclone  
  124  12:41  Cyclone  
  127  12:46  Hellion x2  
  127  12:47  Hellion  
  133  12:54  Hellion x3  
  137  13:02  Cyclone  
  137  13:03  Cyclone x2  
  137  13:05  Cyclone  
  132  13:07  Hellion  
  132  13:09  Cyclone, Hellion x2  
  132  13:10  Hellion x3  
  127  13:13  Cyclone  
  127  13:16  Cyclone  
  127  13:17  Cyclone  
  123  13:20  Cyclone  
  123  13:23  Cyclone  
  123  13:25  Cyclone  
  121  13:31  Hellion  
  123  13:35  Hellion  
  125  13:46  Hellion  
  125  13:47  Hellion x2  
  131  13:52  Cyclone x2  
  131  13:53  Orbital Command  
  128  14:14  Cyclone  
  128  14:15  Orbital Command, Cyclone x2  
  126  14:28  Cyclone x3  
  126  14:29  Cyclone x5  
  126  14:36  Cyclone  
Tags
 
Add a new tag
Caveats
  • Supply blocks, unpowered buildings, or Contaminate may cause inaccurate times.
  • Supply counts are checked every 10 seconds.